 Dungeon Crawl Stone Soup version 0.14.0-21-gd531db5 (webtiles) character file.

1136 staplegun the Skirmisher (level 8, -4/51 HPs)
             Began as a Gargoyle Fighter on Apr 22, 2014.
             Was a Follower of Elyvilon.
             Slain by an ogre
             ... wielding a +0,+0 giant club
              (26 damage)
             ... on Level 4 of the Dungeon.
             The game lasted 00:05:07 (3376 turns).

staplegun the Skirmisher (Gargoyle Fighter)         Turns: 3376, Time: 00:05:07

HP  -4/51        AC 12     Str 27      XL: 8   Next: 17%
MP   8/9         EV  7     Int  9      God: Elyvilon [*.....]
Gold 152         SH 21     Dex  9      Spells:  0 memorised,  7 levels left

rFire  . . .     SeeInvis .     a - +1,+0 whip (flame)
rCold  . . .     Clarity  .     b - +0 scale mail
rNeg   + . .     Conserve .     c - +0 shield
rPois  +         rCorr    .     (no helmet)
rElec  +         rRot     +     (no cloak)
SustAb . .       Spirit   .     (no gloves)
rMut   .         Warding  .     (no boots)
Saprov . . .     Stasis   .     (no amulet)
MR     .....                    (no ring)
                                (no ring)

@: mighty, not resistant to hostile enchantments, extremely unstealthy
A: life protection 1, electricity resistance, unbreathing, petrification
resistance, AC +5
a: Lesser Healing, Lesser Self-Healing, Divine Protection, Renounce Religion


You were on level 4 of the Dungeon.
You worshipped Elyvilon.
Elyvilon was aware of your devotion.
You were not hungry.

You visited 2 branches of the dungeon, and saw 5 of its levels.

You collected 152 gold pieces.

Inventory:

Hand weapons
 a - a +1,+0 whip of flaming (weapon)
Armour
 b - a +0 scale mail (worn)
 c - a +0 shield (worn)
Comestibles
 d - 2 bread rations
 h - an orange
 v - a meat ration
 B - an apple
 K - a pear
Scrolls
 g - 7 scrolls of identify {unknown}
 p - 2 scrolls of teleportation {unknown}
 r - 5 scrolls of remove curse {unknown}
 x - a scroll of enchant weapon I {unknown}
 z - 2 scrolls of magic mapping {unknown}
 C - a scroll of amnesia {unknown}
 H - a scroll of noise {unknown}
 M - a scroll of fear {unknown}
Jewellery
 s - a +3 ring of evasion {unknown}
Potions
 f - a potion of brilliance {unknown}
 i - a potion of berserk rage {unknown}
 j - 4 potions of curing {unknown}
 k - 2 potions of resistance {unknown}
 l - a potion of magic {unknown}
 D - a potion of lignification {unknown}
 E - 2 potions of haste {unknown}
 F - a potion of heal wounds {unknown}
 O - a potion of poison {unknown}
Books
 I - a book of Hinderance

   Spells                             Type                      Level
   Confusing Touch                    Hexes                        1
   Confuse                            Hexes                        3
   Petrify                            Transmutation/Earth          4
   Leda's Liquefaction                Hexes/Earth                  4
   Metabolic Englaciation             Hexes/Ice                    5
   Summon Mana Viper                  Hexes/Summoning              5


   Skills:
 - Level 5.9 Fighting
 - Level 5.4 Maces & Flails
 - Level 5.8 Armour
 - Level 5.9 Shields
 + Level 1.3 Invocations


You had 7 spell levels left.
You didn't know any spells.

Dungeon Overview and Level Annotations

Branches:
Dungeon (4/15)             Temple (1/1) D:4

Altars:
Ashenzari
Dithmenos
Elyvilon
Fedhas
Kikubaaqudgha
Makhleb
Vehumet
Xom
Yredelemnul
Zin


Innate Abilities, Weirdness & Mutations

You are resistant to torment.
You are immune to poison.
You are immune to rotting.
Your stone body is very resilient (AC +5).
You resist negative energy.
You are resistant to electric shocks.
You can survive without breathing.
You are immune to petrification.


Message History

The gnoll is heavily wounded.
You block the gnoll's attack.
You hit the gnoll. You burn the gnoll.
You kill the gnoll!
You whack the phantom! You burn the phantom.
The phantom is heavily damaged.
The phantom hits you but does no damage.
You hit the phantom. You burn the phantom.
The phantom is severely damaged.
The phantom hits you.
The phantom blinks!
You barely miss the ogre.
The ogre is moderately wounded.
The ogre hits you with a giant club!
You whack the ogre! You burn the ogre.
The ogre is heavily wounded.
You whack the ogre! You burn the ogre.
The ogre is almost dead.
The ogre hits you with a giant club!
Ouch! That really hurt!
You die...

....# #.....## .... ########
#... # #... #... ########## ###
#..%######## #........# #..
#?.........# #........# #.#
.##.........g#####........###.#
...."?.......gO@.........%.'....
#.....#......p#####........#####
#######.......# #......(.#
#.......# #........# #########
##########


You could see a phantom, an ogre, a gnoll shaman and a hobgoblin.

Vanquished Creatures
  Pikel (D:4)
  Grinder (D:4)
  3 slaves
  2 scorpions (D:4)
  An iguana (D:4)
  3 gnolls (D:4)
  6 adders
  A worm (D:3)
  4 giant geckos
  An ooze (D:3)
  2 orcs
  10 bats
  3 giant cockroaches
  9 goblins
  7 hobgoblins
  10 jackals
  A ball python (D:1)
  5 giant newts
  7 kobolds
  A quokka (D:4)
  8 rats
86 creatures vanquished.

Notes
Turn   | Place    | Note
--------------------------------------------------------------
     0 | D:1      | staplegun, the Gargoyle Fighter, began the quest for the Orb.
     0 | D:1      | Reached XP level 1. HP: 14/14 MP: 1/1
     0 | D:1      | Noticed a human zombie
     1 | D:1      | Noticed a minotaur zombie
     6 | D:1      | Noticed an elf zombie
     8 | D:1      | Noticed a centaur zombie
    10 | D:1      | Noticed a human zombie
    12 | D:1      | Noticed an elf zombie
    12 | D:1      | Noticed an elf zombie
    14 | D:1      | Noticed a human zombie
    16 | D:1      | Noticed a human zombie
    18 | D:1      | Noticed a minotaur zombie
    19 | D:1      | Noticed a merfolk zombie
   272 | D:1      | Reached XP level 2. HP: 19/19 MP: 2/2
   559 | D:1      | Reached XP level 3. HP: 24/24 MP: 3/3
   876 | D:2      | Reached skill level 4 in Fighting
  1026 | D:2      | Reached XP level 4. HP: 24/29 MP: 4/4
  2010 | D:3      | Reached XP level 5. HP: 27/33 MP: 5/5
  2269 | D:4      | Found a staircase to the Ecumenical Temple.
  2307 | Temple   | Entered the Ecumenical Temple
  2443 | Temple   | Became a worshipper of Elyvilon the Healer
  2461 | Temple   | Acquired Elyvilon's first power
  2509 | D:4      | Noticed Grinder
  2537 | D:4      | Killed Grinder
  2537 | D:4      | Reached skill level 5 in Fighting
  2537 | D:4      | Reached skill level 5 in Shields
  2537 | D:4      | Reached XP level 6. HP: 18/40 MP: 6/6
  2723 | D:4      | Reached XP level 7. HP: 44/44 MP: 7/7
  2745 | D:4      | Noticed Pikel
  2745 | D:4      | Noticed a slave
  2745 | D:4      | Noticed a slave
  2745 | D:4      | Noticed a slave
  2745 | D:4      | Noticed a slave
  2819 | D:3      | Killed a slave
  2856 | D:4      | Killed a slave
  2882 | D:4      | Killed Pikel
  2882 | D:4      | Reached skill level 5 in Maces & Flails
  2882 | D:4      | Reached skill level 5 in Armour
  2882 | D:4      | Reached XP level 8. HP: 27/51 MP: 8/8
  2883 | D:4      | Killed a freed slave
  3333 | D:4      | Noticed a phantom
  3333 | D:4      | Noticed an ogre
  3369 | D:4      | Reached skill level 1 in Invocations
  3376 | D:4      | Slain by an ogre

Action                   |  1- 3 |  4- 6 |  7- 9 || total
-------------------------+-------+-------+-------++-------
Melee: Flail             |   116 |   152 |       ||   268
       Whip              |       |    39 |   132 ||   171
  Use: Potion            |       |     1 |     1 ||     2
